 Dungeon Crawl Stone Soup version 0.30-a0-585-g93115170b9 (webtiles) character file.

Game seed: 10672611830871304721

15 TrayleKats the Grasshopper (level 2, -1/27 HPs)
             Began as a Naga Warper on Jan 2, 2023.
             Slain by an adder (4 damage)
             ... on level 2 of the Dungeon.
             The game lasted 00:01:43 (906 turns).

TrayleKats the Grasshopper (Naga Warper)             Turns: 906, Time: 00:01:43

Health: -1/27      AC:  2    Str: 10 (13) XL:     2   Next: 50%
Magic:  2/5        EV:  9    Int: 10 (13) God:
Gold:   29         SH:  0    Dex:  7 (10) Spells: 3/5 levels left

rFire   . . .      SeeInvis +    a - +0 hand axe
rCold   . . .      Faith    .    (no shield)
rNeg    . . .      Spirit   .    b - +0 leather armour
rPois   +          Reflect  .    (no helmet)
rElec   .          Harm     .    (no cloak)
rCorr   .          Rampage  .    (no gloves)
Will    .....                    (no barding)
Stlth   +                        (no amulet)
HPRegen 0.24/turn                (no ring)
MPRegen 0.09/turn                (no ring)

@: very slow
A: AC +0, large, see invisible, deformed body, poison resistance, slowness 2,
spit poison 1, naga tail 1
a: Spit Poison


You were on level 2 of the Dungeon.
You visited 1 branch of the dungeon, and saw 2 of its levels.

You collected 29 gold pieces.

Inventory:

Hand Weapons
 a - a +0 hand axe (weapon)
Missiles
 d - 7 boomerangs of dispersal (quivered)
Armour
 b - a +0 leather armour (worn)
Scrolls
 c - a scroll of blinking
 e - a scroll of identify {unknown}
 h - a scroll of enchant weapon {unknown}
 j - a scroll of amnesia {unknown}
 k - a scroll of vulnerability {unknown}
 l - a scroll of poison {unknown}
Potions
 g - a potion of mutation {unknown}
 i - a potion of curing {unknown}


   Skills:
 + Level 2.5 Fighting
 - Level 2.0 Axes
 - Level 0.8 Throwing
 - Level 0.7 Armour
 - Level 1.5 Dodging
 + Level 2.4 Spellcasting
 - Level 3.0 Translocations


You had 3 spell levels left.
You knew the following spells:

 Your Spells              Type           Power      Damage    Failure   Level
a - Blink                 Tloc           14%        N/A       19%         2

Your spell library contained the following spells:

 Spells                   Type           Power      Damage    Failure   Level
 Lesser Beckoning         Tloc           14%        N/A       34%         3
 Teleport Other           Tloc           7%         N/A       34%         3
 Freeze                   Ice            4%         1d3       38%         1
 Vhi's Electric Charge    Tloc/Air       8%         N/A       54%         3
 Frozen Ramparts          Ice            2%         1d1       77%         3
 Hailstorm                Conj/Ice       1%         3d3       77%         3
 Manifold Assault         Tloc           7%         N/A       75%         4


Dungeon Overview and Level Annotations

Branches:
Dungeon (2/15)

Altars:

Shops:
D:2 =


Innate Abilities, Weirdness & Mutations

Your serpentine skin is tough. (AC +0)
You have supernaturally acute eyesight. (SInv)
Armour fits poorly on your strangely shaped body.
Your system is resistant to poisons. (rPois)
You cover ground very slowly.
You can spit poison.
You have a snake-like lower body.


Message History

Casting: Blink (safe; 14% risk of failure)
Confirm with . or Enter, or press ? or * to list all spells.
You don't know that spell.
Casting: Blink (safe; 14% risk of failure)
Confirm with . or Enter, or press ? or * to list all spells.
You miscast Blink.
You are very lightly contaminated with residual magic.
Nothing appears to happen.
The adder completely misses you.
Casting: Blink (safe; 14% risk of failure)
Confirm with . or Enter, or press ? or * to list all spells.
You blink.
Found 3 gold pieces.
A ball python comes into view.
You have got your breath back.
The ball python hisses angrily.
You feel stable enough to blink again. The adder bites you.
The adder bites you.
Your magical contamination has completely faded away.
You hit the adder but do no damage. The adder bites you.
You are poisoned.
The adder poisons you! The adder closely misses you.
You hit the adder.
The adder is heavily wounded.
You feel sick. The adder bites you. x2
You hit the adder.
The adder is heavily wounded.
You feel sick. The adder bites you.
* * * LOW HITPOINT WARNING * * *
You barely miss the adder.
The adder is heavily wounded.
You feel sick. The adder completely misses you. The adder bites you.
* * * LOW HITPOINT WARNING * * *
It was a potion of degeneration.
There was something very wrong with that liquid.
You feel weakened.
You feel dopey.
You feel clumsy.
You feel sick.
You are no longer poisoned.
The adder bites you.
You die...

#.# ..#.# #.#
...### .#
#.##..... ..#
.....#.## #.# #
#.#.<...# #.#
#.#.†....8#
#.### #.#.#...#
# #...
#..<.#.##<####.#
#...........@SS#
#.#..#.##∩.###S#
#.#>........S..#
#.##.#.##8.###.#
# #.#.##......#
#.#S##..###.#
#...### #.#
#..[# #.# S..#
#.#


You could see 2 adders and a ball python.

Vanquished Creatures
  2 ball pythons (D:1)
  A bat (D:1)
  An endoplasm (D:1)
  3 goblins (D:1)
  2 hobgoblins (D:1)
  2 jackals (D:2)
  A kobold (D:1)
12 creatures vanquished.

Notes
Turn   | Place    | Note
-------+----------+-------------------------------------------
     0 | D:1      | TrayleKats the Naga Warper began the quest for the Orb.
     0 | D:1      | Reached XP level 1. HP: 19/19 MP: 3/3
   220 | D:1      | Reached XP level 2. HP: 2/27 MP: 5/5
   333 | D:1      | Learned a level 2 spell: Blink
   509 | D:1      | Found a faded altar of an unknown god.
   878 | D:2      | Found Kerhupsabut's Jewellery Boutique.
   906 | D:2      | Slain by an adder

Illustrated notes

Levels and vault maps discovered:
D:1:      minmay_arrival_up_and_down, layout_loops_ring,
          shapermc_ecumenical_altar_gd
D:2:      layout_loops_ring, serial_shops, shop_statue,
          nicolae_concentric_dashed_squares_mild

Action                   || total
-------------------------++-------
Melee: Hand axe          ||    29
 Cast: Blink             ||     1
 Abil: Spit Poison       ||     4
  Use: Potion            ||     1
Armor: Leather armour    ||     7
Dodge: Dodged            ||    20

Table legend: (Time is in decaauts)
 A = Elapsed time spent in this place.
 B = Non-inter-level travel time spent in this place.
 C = Inter-level travel time spent in this place.
 D = Time resting spent in this place.
 E = Time spent auto-exploring this place.
 F = Levels seen in this place.
 G = Mean time per level.
                   A        B        C        D        E       F      G
               +--------+--------+--------+--------+--------+-----+--------+
         Total |   1201 |   1130 |     71 |      0 |   1007 |   2 |  600.5 |
       Dungeon |   1201 |   1130 |     71 |      0 |   1007 |   2 |  600.5 |
               +--------+--------+--------+--------+--------+-----+--------+

Top non-repeatable levels by time:
     D:1: 1167 daAuts
     D:2: 34 daAuts
